 Dungeon Crawl Stone Soup version 0.23-a0-344-ge122d05652 (webtiles) character file.

7 Leibowitz the Sneak (level 1, 0/9 HPs)
             Began as a Spriggan Enchanter on Oct 18, 2018.
             Slain by a leopard gecko (1 damage)
             ... on level 1 of the Dungeon.
             The game lasted 00:01:38 (371 turns).

Leibowitz the Sneak (Spriggan Enchanter)             Turns: 371, Time: 00:01:38

Health: 0/9        AC:  2    Str:  9    XL:     1   Next: 91%
Magic:  5/5        EV: 18    Int: 16    God:
Gold:   7          SH:  0    Dex: 16    Spells: 5/6 levels left

rFire    . . .     SeeInvis +   a - +1 dagger
rCold    . . .     Gourm    .   (shield restricted)
rNeg     . . .     Faith    .   b - +0 robe
rPois    .         Spirit   .   (helmet restricted)
rElec    .         Reflect  .   (no cloak)
rCorr    .         Harm     .   (gloves unavailable)
MR       .....                  (boots unavailable)
Stlth    +++.......             (no amulet)
HPRegen  0.03/turn              i - +5 ring of strength
MPRegen  0.09/turn              (no ring)

@: very quick
A: very small, unfitting armour, see invisible, herbivore, speed 3, slow
metabolism 2
a: no special abilities


You were on level 1 of the Dungeon.
You were not hungry.

You visited 1 branch of the dungeon, and saw 1 of its levels.

You collected 7 gold pieces.

Inventory:

Hand Weapons
 a - a +1 dagger (weapon)
Armour
 b - a +0 robe (worn)
Jewellery
 i - a +5 ring of strength (left hand)
Scrolls
 f - 2 scrolls of identify {unknown}
 h - a scroll of remove curse {unknown}
 j - a scroll of immolation {unknown}
 l - a scroll of blinking {unknown}
Potions
 c - 4 potions of curing {unknown}
 e - a potion of experience {unknown}
 g - a potion of heal wounds {unknown}
 k - a potion of might {unknown}
Comestibles
 d - 3 rations


   Skills:
 + Level 1.1 Short Blades
 * Level 3.0 Dodging
 * Level 4.8 Stealth
 * Level 3.0 Spellcasting
 * Level 3.7 Hexes


You had 5 spell levels left.
You knew the following spells:

 Your Spells              Type           Power        Failure   Level  Hunger
a - Corona                Hex            ##.....      4%          1    #......

Your spell library contained the following spells:

 Spells                   Type           Power        Failure   Level  Hunger
 Confuse                  Hex            ##......     12%         3    ###....
 Tukima's Dance           Hex            ##......     12%         3    ###....
 Ensorcelled Hibernation  Hex/Ice        #.....       13%         2    ##.....
 Dazzling Spray           Conj/Hex       #.....       26%         3    ###....


Dungeon Overview and Level Annotations

Branches:
Dungeon (1/15)

Altars:


Innate Abilities, Weirdness & Mutations

You are very small and have problems with some larger weapons.
You are too small for most types of armour.
You have supernaturally acute eyesight. (SInv)
You are a herbivore.
You cover ground extremely quickly.
You need to consume almost no food.


Message History

You hit the leopard gecko but do no damage.
The leopard gecko is heavily wounded.
The leopard gecko stops glowing.
The leopard gecko misses you.
You hit the leopard gecko.
The leopard gecko is severely wounded.
The leopard gecko bites you.
You barely miss the leopard gecko.
The leopard gecko is severely wounded.
The leopard gecko misses you.
You barely miss the leopard gecko.
The leopard gecko is severely wounded.
The leopard gecko barely misses you.
You closely miss the leopard gecko.
The leopard gecko is severely wounded.
The leopard gecko misses you. The leopard gecko bites you.
* * * LOW HITPOINT WARNING * * *
You hit the leopard gecko but do no damage.
The leopard gecko is severely wounded.
The leopard gecko bites you.
You die...

################
#...........>...
#
#.##############
##.###.#
#...@.>#
#(.l#### #...
#... .....
####.. ##. #. #
#


You could see a leopard gecko.

Vanquished Creatures
  2 bats (D:1)
  A giant cockroach (D:1)
  2 goblins (D:1)
  2 frilled lizards (D:1)
7 creatures vanquished.

Notes
Turn   | Place    | Note
-------+----------+-------------------------------------------
     0 | D:1      | Leibowitz the Spriggan Enchanter began the quest for the
                  | Orb.
     0 | D:1      | Reached XP level 1. HP: 9/9 MP: 5/5
   371 | D:1      | Slain by a leopard gecko

Vault maps used:
D:1:      dpeg_arrival_lava_temple_mockup, minmay_distorted

Skill      XL: |  1 |
---------------+----+-----
Spellcasting   | 3 |  3.0
Short Blades   | |  1.1
Dodging        | |  3.0
Stealth        | |  4.8
Hexes          | |  3.7

Action                   || total
-------------------------++-------
Melee: Dagger            ||    41
 Cast: Corona            ||     8
 Stab: Sleeping          ||     2
Armor: Robe              ||     2
Dodge: Dodged            ||    40

Table legend:
 A = Non-vault XP
 B = Vault XP
 C = Vault XP percentage of total XP
 D = Non-vault monster count
 E = Vault monster count
 F = Vault count percentage of total count
                 A         B        C        D         E       F
            +---------+---------+-------+---------+---------+-------
      Total |       7 |       4 |  36.4 |       4 |       3 |  42.9
            +---------+---------+-------+---------+---------+-------
        D:1 |       7 |       4 |  36.4 |       4 |       3 |  42.9
            +---------+---------+-------+---------+---------+-------
